AoeStats
← 风雨中的子弹

Nomad

503129393Analyzed
3v3 RM · 3mo ago on Aug 30, 2026· 72m 52s· 6 players
Game mode
Random Map
Map size
210×210
Population
200
Speed
Normal
Resources
Standard
Victory
Conquest
Starting age
Dark Age
Ending age
Imperial Age
RankedLock teamsTeams togetherTeam positionsShared explorationLock speedFull tech treeHidden civsTurbo modeCheats
Victory
Defeat
🇿🇦 Burgundians · South Africa
896
+11
🇿🇦 Huns · South Africa
812
+14
🇿🇦 Teutons · South Africa
775
+16
vs
🇦🇷 Spanish · Argentina
816
-15
🇧🇷 Bulgarians · Brazil
795
-15
🇨🇳 Chinese · China
722
-20
IP_HzX
4:52 Loom
15:34 Feudal Age
17:07 Wheelbarrow
16:54 Horse Collar
18:00 Double-Bit Axe
26:21 Castle Age
25:35 Bloodlines
27:44 Husbandry
27:28 Light Cavalry
28:32 Scale Barding Armor
28:19 Fletching
33:55 Hand Cart
34:07 Pikeman
34:32 Gambesons
36:16 Padded Archer Armor
43:15 Imperial Age
43:30 Squires
43:16 Arson
44:07 Forging
43:54 Bodkin Arrow
45:22 Conscription
46:38 Supremacy
47:29 Scale Mail Armor
47:31 Bracer
47:48 Leather Archer Armor
47:40 Heavy Plow
47:55 Bow Saw
48:58 Halberdier
50:34 Hoardings
52:57 Elite Skirmisher
53:57 Thumb Ring
53:57 Town Watch
53:35 Capped Ram
55:52 Gold Mining
55:56 Stone Mining
56:44 Fortified Wall
57:37 Chemistry
57:59 Elite Conquistador
62:28 Ballistics
62:18 Fortified Wall
69:42 Two-Man Saw
marcosjesse
16:35 Feudal Age
17:41 Double-Bit Axe
18:18 Fishing Lines
19:55 Wheelbarrow
20:37 Horse Collar
24:58 Castle Age
23:57 Bloodlines
25:59 Scale Mail Armor
26:10 Forging
26:20 Bow Saw
27:01 Heavy Plow
27:40 Iron Casting
27:07 Padded Archer Armor
28:25 Gold Mining
28:25 Stone Mining
31:15 Hand Cart
34:29 Imperial Age
32:40 Demolition Ship
33:30 Medium Warships
33:59 Hand Cart
34:23 Leather Archer Armor
33:59 Fletching
34:24 Chain Mail Armor
34:15 Scale Barding Armor
34:00 Loom
35:55 Pikeman
41:54 Elite Skirmisher
48:14 Heavy Warships
48:50 Stirrups
50:19 Chemistry
49:10 Heated Shot
51:25 Caravan
51:58 Coinage
54:14 Town Watch
54:03 Elite Konnik
60:13 Crop Rotation
60:47 Blast Furnace
60:17 Plate Mail Armor
60:08 Chain Barding Armor
59:43 Bodkin Arrow
61:46 Capped Ram
62:58 Bodkin Arrow
63:39 Plate Barding Armor
63:07 Squires
62:28 Halberdier
62:53 Arson
62:49 Siege Ram
67:27 Onager
风雨中的子弹
3:37 Loom
19:45 Feudal Age
22:36 Town Watch
25:44 Horse Collar
28:54 Wheelbarrow
28:09 Double-Bit Axe
36:32 Castle Age
36:20 Man-at-Arms
37:18 Town Patrol
37:38 Crossbowman
39:45 Hand Cart
42:52 Forging
42:32 Fletching
42:42 Scale Mail Armor
42:43 Padded Archer Armor
46:02 Imperial Age
47:27 Arrowslits
47:33 Guard Tower
48:43 Chemistry
47:54 Masonry
47:40 Murder Holes
47:56 Fortified Wall
49:03 Bow Saw
50:05 Elite Fire Lancer
51:24 Iron Casting
50:44 Bodkin Arrow
50:56 Scale Barding Armor
54:19 Pikeman
55:00 Squires
55:13 Thumb Ring
56:49 Two-Man Saw
55:43 Gold Mining
55:30 Heavy Scorpion
61:00 Bombard Tower
61:12 Architecture
Muffin
9:36 Loom
16:18 Feudal Age
18:09 Wheelbarrow
20:45 Castle Age
19:31 Fishing Lines
19:48 Double-Bit Axe
20:42 Stone Mining
21:12 Scale Barding Armor
21:19 Forging
22:14 Gillnets
23:26 Bow Saw
23:34 Horse Collar
28:09 Iron Casting
30:00 Wheelbarrow
30:26 Fletching
30:56 Chain Barding Armor
31:12 Husbandry
33:42 Bloodlines
36:22 Imperial Age
36:33 Hand Cart
37:41 Parthian Tactics
36:39 Crossbowman
38:58 Two-Man Saw
38:01 Bodkin Arrow
39:25 Conscription
39:28 Thumb Ring
39:19 Heavy Cavalry Archer
40:56 Town Watch
41:28 Padded Archer Armor
41:38 Gold Mining
43:02 Chemistry
42:26 Ballistics
43:09 Leather Archer Armor
44:13 Blast Furnace
43:14 Bracer
44:19 Plate Barding Armor
47:52 Heavy Plow
52:31 Town Patrol
54:56 Gold Shaft Mining
56:11 Fervor
57:07 Atheism
62:24 Elite Tarkan
63:17 Marauders
64:33 Marauders
Hamlet
17:30 Feudal Age
18:02 Horse Collar
20:36 Double-Bit Axe
22:07 Fishing Lines
25:17 Castle Age
23:46 Gold Mining
26:36 Gillnets
27:31 Bow Saw
27:41 Heavy Plow
30:09 Bloodlines
32:19 Scale Barding Armor
32:24 Forging
34:35 Chain Barding Armor
34:51 Iron Casting
37:50 Stone Mining
37:57 Fletching
38:29 Ballistics
38:21 Fortified Wall
38:22 Masonry
38:46 Fervor
47:23 Imperial Age
45:33 Wheelbarrow
47:36 Bodkin Arrow
47:52 Cavalier
49:09 Plate Barding Armor
49:34 Blast Furnace
48:36 Padded Archer Armor
48:37 Scale Mail Armor
48:24 Arrowslits
49:57 Elite Skirmisher
55:08 Hand Cart
54:39 Loom
54:39 Town Watch
56:38 Leather Archer Armor
56:31 Siege Engineers
57:25 Ironclad
57:31 Crenellations
58:41 Conscription
58:55 Paladin
65:02 Town Patrol
66:08 Ring Archer Armor
67:10 Conscription
69:25 Caravan
Alllas
10:17 Loom
14:40 Feudal Age
13:33 Fishing Lines
14:56 Double-Bit Axe
16:11 Bow Saw
16:01 Gillnets
19:41 Gold Mining
25:15 Castle Age
23:30 Stone Mining
23:22 Horse Collar
24:50 Heavy Plow
28:05 Town Watch
29:09 Cavalier
30:47 Wheelbarrow
31:19 Two-Man Saw
33:08 Scale Barding Armor
33:09 Husbandry
34:04 Forging
34:17 Chain Barding Armor
39:16 Iron Casting
45:39 Pikeman
46:20 Squires
48:22 Stone Shaft Mining
48:57 Two-Man Saw
48:21 Murder Holes
48:36 Scale Mail Armor
50:23 Ballistics
54:14 Imperial Age
52:25 Burgundian Vineyards
52:04 Elite Skirmisher
53:44 Gold Shaft Mining
54:02 Squires
53:47 Arson
56:01 Chemistry
56:03 Clinker Construction
57:34 Medium Warships
58:56 Hand Cart
60:47 Careening
61:20 Heavy Warships
63:15 Fortified Wall
63:43 Halberdier
66:02 Elite Coustillier
70:07 Plate Barding Armor
70:32 Blast Furnace
72:21 Chain Mail Armor
Connection lost

Rejoining the realm…

Still unreachable

The connection could not be restored.

Session expired

The server has moved on; the page needs a fresh start.